cohdb
Replays
Latest Replays
All Replays
Popular Replays
Top Player Replays
Match Explorer
How It Works
Community
CoH3 Stats
Reddit
Sign in to upload your games and track your stats! →
Sign in with Steam
Match 43771557
Unlisted
Match 43771557
Overview
Messages
Build Orders
End
Engineer Squad
Construct Weapon Support Center
Selects Armored Battlegroup
Selects Assault Engineers
M1919 Machine Gun Team
Assault Engineer Squad
Bazooka Squad
Assault Engineer Squad
Selects Fast Deploy
Assault Engineer Squad
Infantry Support Center
M3 Armored Personnel Carrier
Construct Barracks
Assault Engineer Squad
Selects Seek and Destroy
Construct Tank Depot
Selects UNKNOWN (2160077)
Selects Field Repairs
M4A3E8 Sherman Easy Eight
Selects War Machine
M4A3E8 Sherman Easy Eight
メ hd_389
Lord Grim
boboCATs
boboFISHs
sigounet
来吃鱼啊
King Raptor
TiboZ
0
0
Comments
sign in to comment!
No comments posted yet!